 Dungeon Crawl Stone Soup version 0.27-a0-1228-gfd60fd639a (webtiles) character file.

Game seed: 6877146085007528697

387 siradein the Cutter (level 6, 0/30 HPs)
             Began as a Vine Stalker Gladiator on June 7, 2021.
             Slain by a water moccasin (6 damage)
             ... on level 5 of the Dungeon.
             The game lasted 00:07:23 (3709 turns).

siradein the Cutter (Vine Stalker Gladiator)        Turns: 3709, Time: 00:07:24

Health: 0/30       AC:  6    Str: 19    XL:     6   Next: 78%
Magic:  0/7        EV: 10    Int:  8    God:
Gold:   133        SH:  3    Dex: 15    Spells: 5/5 levels left

rFire    . . .     SeeInvis +   a - +0 rapier
rCold    . . .     Faith    .   n - +0 buckler
rNeg     . . .     Spirit   +   j - +0 ring mail
rPois    .         Reflect  .   c - +0 helmet
rElec    .         Harm     .   (no cloak)
rCorr    .         Rampage  .   (no gloves)
Will     .....                  (no boots)
Stlth    +.........             (no amulet)
HPRegen  1.10/turn              q - ring of see invisible
MPRegen  0.10/turn              (no ring)

@: no status effects
A: fangs 2, regeneration 1, magic shield, antimagic bite, no potion heal 2
a: no special abilities


You were on level 5 of the Dungeon.
You visited 1 branch of the dungeon, and saw 5 of its levels.

You collected 133 gold pieces.

Inventory:

Hand Weapons
 a - a +0 rapier (weapon)
Missiles
 d - 2 throwing nets
 k - 149 stones (quivered)
Armour
 c - a +0 helmet (worn)
 j - a +0 ring mail (worn)
 n - a +0 buckler (worn)
Jewellery
 q - a ring of see invisible (left hand)
Scrolls
 g - 4 scrolls of identify {unknown}
 h - 3 scrolls of magic mapping
 i - a scroll of noise {unknown}
 l - a scroll of amnesia {unknown}
 m - a scroll of vulnerability {unknown}
 o - a scroll of blinking {unknown}
 p - a scroll of brand weapon {unknown}
 s - a scroll of enchant weapon {unknown}
 t - a scroll of summoning {unknown}
Potions
 b - 2 potions of attraction {unknown}
 e - a potion of berserk rage {unknown}
 f - 4 potions of curing {unknown}
 r - a potion of brilliance {unknown}
 u - a potion of haste {unknown}


   Skills:
 - Level 1.7 Fighting
 + Level 6.7 Short Blades
 - Level 1.7 Throwing
 - Level 2.4 Dodging


You had 5 spell levels left.
You didn't know any spells.
Your spell library was empty.

Dungeon Overview and Level Annotations

Branches:
Dungeon (5/15)
 Temple: D:4-7

Altars:

Shops:
D:2 (


Innate Abilities, Weirdness & Mutations

You have extremely sharp teeth.
Your natural rate of healing is unusually fast.
When hurt, damage is shared between your health and your magic reserves.
Your bite disrupts and absorbs the magic of your enemies.
Potions cannot restore your health.


Message History

Things that are here:
a +0 club; a gnoll corpse
Things that are here:
a +0 scythe; a +0 robe You completely miss the water moccasin.
The water moccasin bites you but does no damage.
A gnoll comes into view. It is wielding a +0 morningstar.
The water moccasin bites you.
You miss the water moccasin.
The gnoll shouts!
Your bite misses the water moccasin.
The gnoll sergeant hits you from afar with a +0 spear.
The water moccasin bites you.
You hit the water moccasin. You bite the water moccasin. You drain its power.
You feel invigorated.
The water moccasin is lightly wounded.
The water moccasin bites you.
You are poisoned.
The water moccasin poisons you!
The gnoll sergeant hits you from afar with a +0 spear!
You are too injured to fight recklessly!
You are too injured to fight recklessly!
You are too injured to fight recklessly!
You feel very sick.
You feel sick. You block the water moccasin's attack.
You feel sick.
You feel sick. The water moccasin bites you.
* * * LOW HITPOINT WARNING * * *
You feel sick.
You feel sick.
You feel sick. The water moccasin bites you.
* * * LOW HITPOINT WARNING * * *
You feel sick.
You are no longer poisoned.
The water moccasin bites you!
* * * LOW HITPOINT WARNING * * *
The water moccasin bites you.
* * * LOW HITPOINT WARNING * * *
The water moccasin bites you.
You die...

........##.#
###...g..#.#######
#.#.O..#.......#
.....#......####.#
#########.#.##.#
#.....# #g####.# .
#.###.###g####.# ..
#...#..<#S.....#.###
###.#####@.#.......#
#..............#.#
########.....###
#.........
#.######## ###


You could see a water moccasin, an ogre, a gnoll sergeant and 2 gnolls.

Vanquished Creatures
  Sigmund (D:5)
  2 iguanas (D:4)
  A hound skeleton (D:4)
  8 adders
  A howler monkey skeleton (D:2)
  2 gnolls (D:5)
  2 dart slugs
  2 orcs
  5 ball pythons
  An endoplasm (D:1)
  2 giant cockroaches
  5 hobgoblins
  13 jackals
  4 quokkas
  3 bats
  2 frilled lizards (D:2)
  3 goblins
  9 kobolds
  2 rats (D:2)
68 creatures vanquished.

Notes
Turn   | Place    | Note
-------+----------+-------------------------------------------
     0 | D:1      | siradein the Vine Stalker Gladiator began the quest for the
                  | Orb.
     0 | D:1      | Reached XP level 1. HP: 11/11 MP: 2/2
   265 | D:1      | Reached skill level 3 in Short Blades
   418 | D:1      | Reached XP level 2. HP: 15/15 MP: 3/3
  1026 | D:1      | Found a faded altar of an unknown god.
  1189 | D:2      | Reached XP level 3. HP: 14/18 MP: 2/4
  1247 | D:2      | Reached skill level 4 in Short Blades
  1635 | D:2      | Found Reiboij's Antique Weapon Shoppe.
  1713 | D:2      | Gained mutation: Your natural rate of healing is unusually
                  | fast. [Vine Stalker growth]
  1713 | D:2      | Reached XP level 4. HP: 23/23 MP: 5/5
  2408 | D:3      | Reached skill level 5 in Short Blades
  2415 | D:3      | Reached XP level 5. HP: 26/26 MP: 6/6
  3177 | D:4      | Noticed a kobold brigand
  3599 | D:5      | Entered Level 5 of the Dungeon
  3645 | D:5      | Noticed Sigmund
  3668 | D:5      | Killed Sigmund
  3669 | D:5      | Reached skill level 6 in Short Blades
  3669 | D:5      | Reached XP level 6. HP: 24/30 MP: 5/7
  3683 | D:5      | Noticed a water moccasin
  3703 | D:5      | HP: 1/30 [water moccasin (6)]
  3709 | D:5      | Slain by a water moccasin

Illustrated notes

Levels and vault maps discovered:
D:1:      minmay_arrival_loop, layout_basic, ebering_ecumenical_altar_box
D:2:      layout_rooms, serial_shops, shop
D:3:      layout_loops_corners, grunt_ministairs_4,
          minmay_misc_feat_secret_circle
D:4:      cheibrodos_thug_alley, layout_gridville
D:5:      layout_basic, minmay_temple_entry_proselytizer, uniq_edmund,
          uniq_sigmund

Skill      XL: |  1  2  3  4  5 |
---------------+----------------+-----
Short Blades   | 3 4 5 6 |  6.7
Fighting       | |  1.7
Throwing       | |  1.7
Dodging        | |  2.4

Action                   |  1- 3 |  4- 6 || total
-------------------------+-------+-------++-------
Melee: Rapier            |    85 |   150 ||   235
       Bite              |    20 |    36 ||    56
Throw: Throwing net      |     1 |       ||     1
  Use: Scroll            |       |     1 ||     1
Armor: Leather armour    |    23 |       ||    23
       Ring mail         |    19 |    43 ||    62
Dodge: Dodged            |    79 |    67 ||   146
Block: Buckler           |     1 |    24 ||    25

Table legend: (Time is in decaauts)
 A = Elapsed time spent in this place.
 B = Non-inter-level travel time spent in this place.
 C = Inter-level travel time spent in this place.
 D = Time resting spent in this place.
 E = Time spent auto-exploring this place.
 F = Levels seen in this place.
 G = Mean time per level.
                   A        B        C        D        E       F      G
               +--------+--------+--------+--------+--------+-----+--------+
         Total |   3714 |   3566 |    148 |    107 |   2845 |   5 |  742.8 |
       Dungeon |   3714 |   3566 |    148 |    107 |   2845 |   5 |  742.8 |
               +--------+--------+--------+--------+--------+-----+--------+

Top non-repeatable levels by time:
     D:1: 1181 daAuts
     D:4: 957 daAuts
     D:3: 888 daAuts
     D:2: 577 daAuts
     D:5: 109 daAuts
